 Dungeon Crawl Stone Soup version 0.28-a0-804-g60983d4ba9 (webtiles) character file.

Game seed: 7494347227665258413

812 vurker the Gusty (level 7, 33/33 HPs)
             Began as a Felid Air Elementalist on Nov 7, 2021.
             Was a Priest of Vehumet.
             Quit the game on level 7 of the Dungeon.
             The game lasted 00:12:46 (9511 turns).

vurker the Gusty (Felid Air Elementalist)           Turns: 9511, Time: 00:12:47

Health: 33/33      AC:  2    Str:  4    XL:     7   Next: 61%
Magic:  18/18      EV: 18    Int: 18    God:    Vehumet [***...]
Gold:   509        SH:  0    Dex: 23    Spells: 15/20 levels left
                                        Lives:  0   Deaths: 2

rFire   . . .      SeeInvis +   (weapon unavailable)
rCold   . . .      Faith    .   (shield unavailable)
rNeg    . . .      Spirit   .   (armour unavailable)
rPois   .          Reflect  .   (helmet unavailable)
rElec   .          Harm     .   (cloak unavailable)
rCorr   .          Rampage  .   (gloves unavailable)
Will    +....                   (boots unavailable)
Stlth   +++.......              (no amulet)
HPRegen 0.11/turn               g - +6 ring of dexterity
MPRegen 0.16/turn               (no ring)

@: quick
A: very small, claws 1, fangs 3, see invisible, speed 1, shaggy fur 2, stealthy
paws, no weapons or thrown items, no armour, multi-lived
a: Renounce Religion


You were on level 7 of the Dungeon.
You worshipped Vehumet.
Vehumet was most pleased with you.
You visited 2 branches of the dungeon, and saw 8 of its levels.

You collected 509 gold pieces.

Inventory:

Jewellery
 g - a +6 ring of dexterity (left paw)
   (You found it on level 3 of the Dungeon)
 m - a ring of ice
   (You found it on level 5 of the Dungeon)
Wands
 t - a wand of flame (26)
   (You took it off Jessica on level 2 of the Dungeon)
 x - a wand of acid (4)
   (You took it off a gnoll on level 3 of the Dungeon)
Scrolls
 a - 2 scrolls of enchant weapon {unknown}
 b - 4 scrolls of teleportation {unknown}
 c - a scroll of enchant armour {unknown}
 e - a scroll of immolation {unknown}
 f - a scroll of holy word {unknown}
 k - a scroll of noise {unknown}
 o - a scroll of summoning {unknown}
 r - a scroll of amnesia {unknown}
 s - a scroll of magic mapping {unknown}
Potions
 h - a potion of haste
 i - a potion of flight {unknown}
 j - 2 potions of magic
 l - a potion of curing {unknown}
 n - a potion of cancellation
 p - 2 potions of attraction
 q - a potion of brilliance {unknown}


   Skills:
 + Level 5.3 Fighting
 - Level 2.6 Dodging
 - Level 2.6 Stealth
 * Level 7.3 Spellcasting
 - Level 3.0 Conjurations
 * Level 7.5 Air Magic


You had 15 spell levels left.
You knew the following spells:

 Your Spells              Type           Power      Damage    Failure   Level
a - Shock                 Conj/Air       100%       1d9       1%          1
c - Airstrike             Air            16%        N/A       1%          4

Your spell library contained the following spells:

 Spells                   Type           Power      Damage    Failure   Level
 Poisonous Vapours        Pois/Air       40%        N/A       1%          2
 Static Discharge         Conj/Air       25%        N/A       1%          2
 Swiftness                Air            33%        N/A       1%          3
 Freeze                   Ice            24%        1d5       3%          1
 Slow                     Hex            24%        N/A       11%         1
 Conjure Ball Lightning   Conj/Air       12%        3x3d6     41%         6
 Discord                  Hex            3%         N/A       100%        8
 Disjunction              Tloc           3%         N/A       100%        8


Dungeon Overview and Level Annotations

Branches:
Dungeon (7/15)             Temple (1/1) D:5

Altars:
Ashenzari
Cheibriados
Dithmenos
Elyvilon
Fedhas
Hepliaklqana
Kikubaaqudgha
Nemelex Xobeh
Okawaru
Qazlal
Ru
Sif Muna
Trog
Uskayaw
Vehumet
Wu Jian
Xom
Yredelemnul
The Shining One

Shops:
D:4 =


Innate Abilities, Weirdness & Mutations

You have sharp claws.
You have razor-sharp teeth.
You have supernaturally acute eyesight. (SInv)
You cover ground quickly. (Speed+)
You are covered in thick fur. (AC +2)
Your paws help you pounce on unaware monsters.
You are incapable of wielding weapons or throwing items.
You cannot wear armour.
You gain extra lives every three experience levels.


Message History

[Y]es or [N]o only, please.
The spell is quite dangerous to cast (5% risk of failure)!
Continue anyway?
Aim: an unseen horror (heavily wounded, slightly transparent, empty space bonus: 6/8)
The air twists around and strikes the unseen horror!
The unseen horror hits you.
Aim: a bullfrog (67% to hit)
The zap misses the bullfrog.
A water moccasin comes into view.
The unseen horror misses you.
The water moccasin moves out of view.
The spell is quite dangerous to cast (5% risk of failure)!
Continue anyway? [Y]es or [N]o only, please.
The spell is quite dangerous to cast (5% risk of failure)!
Continue anyway?
Aim: an unseen horror (severely wounded, slightly transparent, empty space bonus: 5/8)
The air twists around and strikes the unseen horror!
The unseen horror hits you! The bullfrog closely misses you.
You don't have enough magic to cast this spell.
Unknown command.
Aim: an unseen horror (almost dead, slightly transparent, 74% to hit)
The zap hits the bullfrog.
The zap hits the unseen horror.
The bullfrog hits you but does no damage.
The unseen horror hits you. The bullfrog hits you.
* * * LOW HITPOINT WARNING * * *
Aim: an unseen horror (almost dead, slightly transparent, 71% to hit)
The bolt of acid hits the unseen horror!
The acid corrodes the unseen horror!
You kill the unseen horror!
Vehumet accepts your kill.
Vehumet is now aiding your destructive spells.
You feel your power returning. The bullfrog hits you.
* * * LOW HITPOINT WARNING * * *
The bullfrog completely misses you.
The water moccasin hisses angrily.
The bullfrog barely misses you.
There is an open door here.
The bullfrog misses you. The bullfrog misses you. The bullfrog hits you!
* * * LOW HITPOINT WARNING * * *
Aim: a water moccasin (53% to hit)
Okay, then.
The mass of ice explodes!
The iceblast engulfs the water moccasin!
The iceblast engulfs the bullfrog!
The now-empty wand crumbles to dust.
You hear a shout! x2
The bullfrog hits you.
* * * LOW HITPOINT WARNING * * *
The bullfrog hits you.
You die...
You are now level 7!
You rejoin the land of the living...

#.....#.....o....##..
#....##.....##..#....
#....##.....##.......
#....#.....†#.>)....8
#....#....FS##.......
#.<..##..)..###'##...
#....##.....##.......
#....#...............
#...@#......##....###
#....##.....##....##.
#....##.....##....#..
#.)...#...........#..
#.....#...........#..
#....#########)...'..
#....##.....##....###
#...........##'####
#...........##....#


There were no monsters in sight!

Vanquished Creatures
  An unseen horror (D:7)
  A troll (D:5)
  3 water moccasins
  An ice beast (D:7)
  A kobold brigand (D:6)
  2 phantoms (D:5)
  A bullfrog (D:6)
  A water moccasin zombie (D:5)
  A wyvern skeleton (D:7)
  A water moccasin skeleton (D:6)
  5 wights (D:6)
  A howler monkey (D:3)
  2 centaur zombies
  2 hounds
  4 orc priests
  A gnoll shaman (D:7)
  2 centaur skeletons
  Jessica (D:2)
  3 bullfrog skeletons
  2 iguanas
  An orc wizard (D:6)
  2 hound zombies (D:5)
  A howler monkey zombie (D:6)
  18 gnolls
  4 adders
  A worm (D:4)
  2 dart slugs
  13 orcs
  7 endoplasms
  3 giant cockroaches
  7 goblins
  14 hobgoblins
  8 jackals
  2 quokkas
  6 ball pythons
  A bat (D:1)
  2 frilled lizards
  54 kobolds
  7 rats
189 creatures vanquished.

Vanquished Creatures (others)
  2 plants (D:3)
2 creatures vanquished.

Grand Total: 191 creatures vanquished

Notes
Turn   | Place    | Note
-------+----------+-------------------------------------------
     0 | D:1      | vurker the Felid Air Elementalist began the quest for the
                  | Orb.
     0 | D:1      | Reached XP level 1. HP: 7/7 MP: 4/4
    75 | D:1      | Reached skill level 1 in Conjurations
   304 | D:1      | Reached XP level 2. HP: 12/12 MP: 0/6
   763 | D:1      | Reached XP level 3. HP: 15/15 MP: 4/7
  1100 | D:2      | Reached skill level 1 in Fighting
  1347 | D:2      | Noticed Jessica
  1363 | D:2      | Killed Jessica
  1364 | D:2      | Reached XP level 4. HP: 19/19 MP: 2/9
  2426 | D:3      | Reached XP level 5. HP: 22/22 MP: 1/11
  2744 | D:3      | Found a faded altar of an unknown god.
  3365 | D:4      | Gained mutation: You are covered in thick fur. (AC +2)
                  | [Felid growth]
  3365 | D:4      | Reached XP level 6. HP: 26/26 MP: 4/12
  4021 | D:4      | Found Nilau's Jewellery Boutique.
  4033 | D:4      | Found a shimmering altar of Xom.
  4093 | D:4      | Found an iron altar of Okawaru.
  4101 | D:4      | Learned a level 4 spell: Airstrike
  4102 | D:4      | Found a blossoming altar of Fedhas.
  4103 | D:4      | Found a bloodstained altar of Trog.
  4526 | D:5      | Entered Level 5 of the Dungeon
  4534 | D:5      | Found an ornate altar of the Wu Jian Council.
  4938 | D:5      | Found a staircase to the Ecumenical Temple.
  5001 | D:5      | Reached XP level 7. HP: 25/30 MP: 2/14
  5094 | Temple   | Entered the Ecumenical Temple
  5148 | Temple   | Became a worshipper of Vehumet
  6149 | D:5      | Noticed a troll
  6188 | D:5      | Killed a troll
  6189 | D:5      | Reached skill level 5 in Air Magic
  6284 | D:5      | Reached * piety under Vehumet
  6284 | D:5      | Offered knowledge of Sandblast by Vehumet.
  6285 | D:5      | Reached skill level 5 in Spellcasting
  6645 | D:5      | Offered knowledge of Freeze by Vehumet.
  6650 | D:5      | Reached ** piety under Vehumet
  6984 | D:5      | Reached XP level 8. HP: 36/36 MP: 13/17
  7148 | D:6      | Found a hide-covered altar of Uskayaw.
  7151 | D:6      | Noticed a +0 dagger
  7152 | D:6      | Noticed a +0 dagger
  8055 | D:6      | Offered knowledge of Poisonous Vapours by Vehumet.
  8282 | D:6      | Found a snail-covered altar of Cheibriados.
  8722 | D:6      | Got Spellcraft 101
  9001 | D:7      | Noticed an unseen horror
  9010 | D:7      | HP: 1/36 [unseen horror (10)]
  9011 | D:7      | Mangled by an unseen horror
  9012 | D:7      | Reached XP level 7. HP: -10/33 MP: 15/18
  9050 | D:7      | Reached XP level 8. HP: 23/36 MP: 11/19
  9179 | D:7      | Reached skill level 5 in Fighting
  9487 | D:7      | Killed an unseen horror
  9487 | D:7      | Reached *** piety under Vehumet
  9510 | D:7      | Slain by a bullfrog
  9511 | D:7      | Reached XP level 7. HP: -2/33 MP: 6/18
  9511 | D:7      | Quit the game

Illustrated notes

Levels and vault maps discovered:
D:1:      evilmike_arrival_fibonacci_small, layout_basic
D:2:      layout_rooms, minmay_hexomino_c4, uniq_jessica
D:3:      layout_loops_ring, dilly_ecumenical_altar_fadedgnrine
D:4:      layout_cave_pods, mainiacjoe_overflow_concentric_impassable,
          minitemple, serial_shops, kennysheep_mini_moat
D:5:      minmay_goblin_kobold_castle, layout_loops_ring,
          nicolae_wu_jian_immortal_techniques, minmay_temple_entry_proselytizer
D:6:      layout_gridville, mainiacjoe_overflow_small_starburst,
          dancing_weapons_uskayaw
D:7:      layout_gridville, minmay_large_rounded_square, minmay_manual_moon
Temple:   minmay_temple_bridge_abc

Skill      XL: |  1  2  3  4  5  6  7  8 |
---------------+-------------------------+-----
Conjurations   | 1 2 3 |  3.0
Air Magic      | 3 4 7 6 |  7.5
Fighting       | 1 2 3 5 |  5.3
Spellcasting   | 3 4 5 7 |  7.3
Dodging        | |  2.6
Stealth        | |  2.6

Action                   |  1- 3 |  4- 6 |  7- 9 || total
-------------------------+-------+-------+-------++-------
Melee: Unarmed           |     3 |     4 |       ||     7
 Cast: Shock             |    70 |   194 |   283 ||   547
       Airstrike         |       |       |    14 ||    14
Evoke: Wand              |       |       |     7 ||     7
  Use: Scroll            |       |       |     5 ||     5
Armor: Skin              |       |     4 |    11 ||    15
Dodge: Dodged            |     7 |    30 |    66 ||   103

Table legend: (Time is in decaauts)
 A = Elapsed time spent in this place.
 B = Non-inter-level travel time spent in this place.
 C = Inter-level travel time spent in this place.
 D = Time resting spent in this place.
 E = Time spent auto-exploring this place.
 F = Levels seen in this place.
 G = Mean time per level.
                   A        B        C        D        E       F      G
               +--------+--------+--------+--------+--------+-----+--------+
         Total |   8631 |   8366 |    265 |    187 |   6889 |   8 | 1078.9 |
       Dungeon |   8454 |   8209 |    245 |    187 |   6744 |   7 | 1207.7 |
        Temple |    176 |    157 |     19 |      0 |    145 |   1 |  176.0 |
               +--------+--------+--------+--------+--------+-----+--------+

Top non-repeatable levels by time:
     D:5: 2019 daAuts
     D:6: 1722 daAuts
     D:1: 1066 daAuts
     D:3: 1060 daAuts
     D:4: 1038 daAuts
     D:2: 988 daAuts
     D:7: 560 daAuts
  Temple: 176 daAuts
